 Dungeon Crawl Stone Soup version 0.25-a0-105-g2289b3b9f1 (webtiles) character file.

Game seed: 15982566223482741217, levelgen mode: deterministic

2562 DavidChitty2 the Cleaver (level 9, 0/79 HPs)
             Began as a Hill Orc Fighter on Nov 16, 2019.
             Was a Priest of Sif Muna.
             Slain by a vampire
             ... wielding a +0 spear
              (9 damage)
             ... on level 7 of the Dungeon.
             The game lasted 00:10:26 (6659 turns).

DavidChitty2 the Cleaver (Hill Orc Fighter)         Turns: 6659, Time: 00:10:27

Health: 0/79       AC: 15    Str: 22    XL:     9   Next: 56%
Magic:  13/13      EV:  5    Int:  8    God:    Sif Muna [***...]
Gold:   151        SH: 10    Dex: 10    Spells: 8/8 levels left

rFire    . . .     SeeInvis .   a - +1 war axe
rCold    + . .     Gourm    .   c - +0 shield
rNeg     . . .     Faith    .   n - +0 plate armour
rPois    .         Spirit   .   p - +1 helmet
rElec    .         Reflect  .   (no cloak)
rCorr    .         Harm     .   (no gloves)
MR       .....                  (no boots)
Stlth    ..........             (no amulet)
HPRegen  0.23/turn              l - ring of protection from magic
MPRegen  0.13/turn              o - ring of protection from cold

@: vulnerable
A: no striking features
a: Channel Magic, Forget Spell, Renounce Religion


You were on level 7 of the Dungeon.
You worshipped Sif Muna.
Sif Muna was most pleased with you.
You were hungry.

You visited 1 branch of the dungeon, and saw 7 of its levels.

You collected 309 gold pieces.
You spent 158 gold pieces at shops.

Inventory:

Hand Weapons
 a - a +1 war axe (weapon)
 b - a +0 morningstar
   (You took it off an orc on level 3 of the Dungeon)
Armour
 c - a +0 shield (worn)
 n - a +0 plate armour (worn)
   (You found it on level 3 of the Dungeon)
 p - a +1 helmet (worn)
   (You found it on level 4 of the Dungeon)
Jewellery
 l - a ring of protection from magic (left hand)
   (You found it on level 1 of the Dungeon)
 o - a ring of protection from cold (right hand)
   (You found it on level 5 of the Dungeon)
Wands
 z - a wand of polymorph (11)
   (You found it on level 5 of the Dungeon)
Scrolls
 g - 2 scrolls of teleportation {@r4}
 h - 5 scrolls of remove curse {@r2}
 w - a scroll of enchant armour
Potions
 d - 5 potions of might
 f - 2 potions of heal wounds {@q2}
 i - a potion of haste {unknown}
 j - a potion of cancellation {unknown}
 k - 2 potions of agility
 m - 2 potions of curing {@q1}
 q - 2 potions of mutation {!q}
 r - a potion of degeneration {unknown}
 s - 2 potions of lignification {!q}
 t - 2 potions of brilliance {unknown}
 x - a potion of ambrosia {unknown}
 B - a potion of flight {unknown}
Comestibles
 e - 12 rations {!d}


   Skills:
 + Level 7.2 Fighting
 * Level 10.1 Axes
 + Level 6.4 Armour
 + Level 6.6 Shields
 + Level 6.1 Invocations


You had 8 spell levels left.
You didn't know any spells.
Your spell library contained the following spells:

 Spells                   Type           Power        Failure   Level  Hunger
 Freeze                   Ice            #...         100%        1    ##.....
 Corpse Rot               Necr           N/A          100%        2    ###....
 Throw Frost              Conj/Ice       #.....       100%        2    ###....
 Ozocubu's Armour         Chrm/Ice       #.......     100%        3    ####...
 Fulminant Prism          Conj/Hex       #.........   100%        4    #####..
 Sticky Flame             Conj/Fire      #.......     100%        4    #####..
 Summon Ice Beast         Ice/Summ       #.......     100%        4    #####..
 Throw Icicle             Conj/Ice       #.......     100%        4    #####..


Dungeon Overview and Level Annotations

Branches:
Dungeon (7/15)             Temple (0/1) D:5

Altars:
Elyvilon
Hepliaklqana
Makhleb
Qazlal
Ru
Sif Muna
Uskayaw
Vehumet
Yredelemnul

Shops:
D:5 !   D:6 *


Message History

Unknown command.
You closely miss something. Something hits you.
* * * LOW HITPOINT WARNING * * *
You block something's attack.
Your shield and plate armour prevent you from hitting something.
Something hits you but does no damage. You block something's attack.
You hit something but do no damage.
A vampire appears from thin air!
Reactivating autopickup.
You block the vampire's attack. The vampire bites you!
* * * LOW HITPOINT WARNING * * *
The vampire draws strength from your injuries!
Aim: a vampire, wielding a +0 spear (lightly damaged, chance to defeat MR: 28%)
Okay, then.
Really read
A - a scroll of vulnerability {!r}?
Really read the scroll of vulnerability?
As you read the scroll of vulnerability {!r}, it crumbles to dust.
Magic quickly surges around you. The vampire hits you with a +0 spear!
* * * LOW HITPOINT WARNING * * *
The vampire bites you but does no damage.
Aim: a vampire, wielding a +0 spear (lightly damaged, susceptible to hostile enchantments, chance to defeat MR: 46%)
The vampire resists with some effort.
You block the vampire's attack. The vampire bites you.
* * * LOW HITPOINT WARNING * * *
The vampire draws strength from your injuries!
Aim: a vampire, wielding a +0 spear (susceptible to hostile enchantments, chance to defeat MR: 46%)
The vampire resists with some effort.
The vampire hits you but does no damage.
The vampire barely misses you.
Aim: a vampire, wielding a +0 spear (susceptible to hostile enchantments, chance to defeat MR: 46%)
The vampire resists with some effort.
The vampire hits you but does no damage.
You block the vampire's attack.
You don't have any such object.
You don't have any such object.
Okay, then.
Aim: a vampire, wielding a +0 spear (susceptible to hostile enchantments, chance to defeat MR: 46%)
The vampire resists with some effort.
The now-empty wand crumbles to dust.
You block the vampire's attack. x2
Aim: a vampire, wielding a +0 spear (susceptible to hostile enchantments, not susceptible)
Okay, then.
Okay, then.
A rock wall.
The rock shatters into small pieces.
The now-empty wand crumbles to dust.
You block the vampire's attack.
The vampire bites you but does no damage.
The vampire hits you but does no damage.
The vampire bites you!
You die...

..........####
.............+
########.#####..
.......†.......
#######.#######
..##.#
#######.##.#
#.....#.##V#
#.#<.....@.#
#.#####.##.#
#..........#
#######.#### #.#
#.# #.# #.# #.#


You could see a vampire.

Vanquished Creatures
  Duvessa (D:4)
  2 sky beasts
  A phantom (D:6)
  An ice beast (D:4)
  A black bear (D:5)
  3 ogres
  6 centaurs
  Blork the orc (D:4)
  A bullfrog (D:7)
  Dowan (D:4)
  A scorpion (D:6)
  A howler monkey (D:6)
  2 crimson imps
  A centaur zombie (D:5)
  4 hounds
  2 orc priests
  A centaur skeleton (D:5)
  A bullfrog skeleton (D:5)
  An iguana (D:5)
  3 worker ants
  7 orc wizards
  A hound zombie (D:6)
  7 gnolls
  A howler monkey skeleton (D:5)
  15 adders
  2 shadow imps (D:5)
  An adder skeleton (D:7)
  3 worms
  4 dart slugs (D:2)
  3 leopard geckos
  22 orcs
  3 giant cockroaches
  8 goblins
  6 hobgoblins
  10 jackals
  3 quokkas
  A ball python (D:6)
  6 bats
  5 frilled lizards
  9 kobolds
  6 rats
158 creatures vanquished.

Vanquished Creatures (others)
  An orc wizard (D:3)
1 creature vanquished.

Grand Total: 159 creatures vanquished

Notes
Turn   | Place    | Note
-------+----------+-------------------------------------------
     0 | D:1      | DavidChitty2 the Hill Orc Fighter began the quest for the
                  | Orb.
     0 | D:1      | Reached XP level 1. HP: 19/19 MP: 1/1
    88 | D:1      | Reached skill level 3 in Axes
    96 | D:1      | Reached XP level 2. HP: 23/27 MP: 2/2
   143 | D:1      | Reached XP level 3. HP: 33/33 MP: 3/3
   717 | D:2      | Reached skill level 4 in Axes
   848 | D:2      | Reached XP level 4. HP: 40/40 MP: 4/4
   944 | D:2      | Found a hide-covered altar of Uskayaw.
   944 | D:2      | Found a sacrificial altar of Ru.
   945 | D:2      | Found a shimmering blue altar of Sif Muna.
   957 | D:2      | Found a burning altar of Makhleb.
   961 | D:2      | Became a worshipper of Sif Muna the Loreminder
  1252 | D:2      | Reached XP level 5. HP: 22/47 MP: 5/5
  1306 | D:2      | Reached skill level 1 in Invocations
  1834 | D:2      | Reached skill level 5 in Axes
  1910 | D:3      | Reached * piety under Sif Muna
  2136 | D:3      | Reached XP level 6. HP: 47/53 MP: 7/7
  2232 | D:3      | Found a basalt altar of Yredelemnul.
  2527 | D:3      | Found a white marble altar of Elyvilon.
  3159 | D:4      | Noticed Duvessa
  3182 | D:4      | Killed Duvessa
  3182 | D:4      | Reached skill level 5 in Fighting
  3182 | D:4      | Reached skill level 6 in Axes
  3184 | D:4      | Noticed Dowan
  3244 | D:4      | Killed Dowan
  3244 | D:4      | Reached XP level 7. HP: 61/61 MP: 7/9
  3886 | D:5      | Entered Level 5 of the Dungeon
  3909 | D:5      | Reached ** piety under Sif Muna
  3943 | D:5      | Noticed Blork the orc
  3977 | D:4      | Reached skill level 7 in Axes
  3977 | D:4      | Reached skill level 5 in Shields
  3986 | D:4      | Killed Blork the orc
  4029 | D:4      | Reached skill level 5 in Armour
  4029 | D:4      | Reached XP level 8. HP: 24/69 MP: 10/10
  4365 | D:5      | Found a staircase to the Ecumenical Temple.
  4436 | D:5      | Reached skill level 8 in Axes
  5051 | D:5      | Reached skill level 5 in Invocations
  5173 | D:5      | Found a radiant altar of Vehumet.
  5180 | D:5      | Reached skill level 9 in Axes
  5191 | D:5      | Found a hazy altar of Hepliaklqana.
  5195 | D:5      | Found a stormy altar of Qazlal.
  5285 | D:5      | Reached XP level 9. HP: 75/78 MP: 12/12
  5714 | D:5      | Found Tikhemey's Distillery.
  5719 | D:5      | Bought a potion of heal wounds for 60 gold pieces
  5719 | D:5      | Bought a potion of agility for 48 gold pieces
  5806 | D:6      | Reached *** piety under Sif Muna
  5844 | D:6      | Identified the Grimoire of Attacks and Evil Secrets
  5913 | D:6      | Reached skill level 10 in Axes
  6521 | D:6      | Found Loob's Assorted Antiques.
  6529 | D:6      | Bought a scroll labeled LIOTIU CICA for 25 gold pieces
  6529 | D:6      | Bought a scroll labeled UFROZUSEHO for 25 gold pieces
  6659 | D:7      | Slain by a vampire

Levels and vault maps discovered:
D:1:      ncdulo_lavacross, layout_loops_ring, serial_bayou_lagoon_b
D:2:      layout_basic, nicolae_overflow_quartered_altars, serial_aquarium,
          aquarium_bridge_straight [aquarium_subvault_bridge,
          aquarium_subvault_wall, aquarium_subvault_bridge,
          aquarium_subvault_balcony], aquarium_bridge_long_joined
          [aquarium_subvault_bridge, aquarium_subvault_wall,
          aquarium_subvault_bridge, aquarium_subvault_balcony,
          aquarium_subvault_bridge, aquarium_subvault_bridge],
          aquarium_window_3, aquarium_window_corner, aquarium_window_fake,
          aquarium_view_2c, aquarium_view_2b
D:3:      layout_basic, kennysheep_ying_yang
D:4:      layout_cave_pools, first_ration, uniq_duvessa
D:5:      black_bear_nest_1, layout_basic, minmay_overflow_temple_star_quad,
          minmay_temple_entry_glassed_door, serial_shops, kennysheep_little_box,
          minmay_circle_x, uniq_blork_the_orc
D:6:      layout_basic, serial_shops, shop
D:7:      cheibrodos_fzero, layout_basic

Skill      XL: |  1  2  3  4  5  6  7  8  9 |
---------------+----------------------------+-----
Axes           | 3 4 5 6 7 9 10 | 10.1
Fighting       | 4 5 6 7 |  7.2
Shields        | 4 5 6 |  6.6
Invocations    | 1 2 3 5 6 |  6.1
Armour         | 4 5 6 |  6.4

Action                   |  1- 3 |  4- 6 |  7- 9 || total
-------------------------+-------+-------+-------++-------
Melee: War axe           |    97 |   234 |   368 ||   699
Evoke: Wand              |       |       |     5 ||     5
  Use: Scroll            |       |     4 |    11 ||    15
       Potion            |       |       |     4 ||     4
  Eat: Chunk             |       |     8 |    11 ||    19
Armor: Scale mail        |    52 |    51 |       ||   103
       Plate armour      |       |    64 |   269 ||   333
Dodge: Dodged            |    27 |    61 |    62 ||   150
Block: Shield            |    50 |   114 |   197 ||   361

Table legend:
 A = Non-vault XP
 B = Vault XP
 C = Vault XP percentage of total XP
 D = Non-vault monster count
 E = Vault monster count
 F = Vault count percentage of total count
                 A         B        C        D         E       F
            +---------+---------+-------+---------+---------+-------
      Total |    2989 |     671 |  18.3 |     147 |      12 |   7.5
            +---------+---------+-------+---------+---------+-------
        D:1 |      53 |       0 |   0.0 |      24 |       0 |   0.0
        D:2 |     174 |       0 |   0.0 |      32 |       0 |   0.0
        D:3 |     203 |       0 |   0.0 |      26 |       0 |   0.0
        D:4 |     489 |     449 |  47.9 |      17 |       4 |  19.0
        D:5 |    1116 |     217 |  16.3 |      30 |       7 |  18.9
        D:6 |     869 |       0 |   0.0 |      17 |       0 |   0.0
        D:7 |      85 |       5 |   5.6 |       1 |       1 |  50.0
            +---------+---------+-------+---------+---------+-------
